 Dungeon Crawl Stone Soup version 0.31.0-9-g3a7656b989 (webtiles) character file.

Game seed: 16638787641200727820

3503 Axelsxxd the Fighter (level 10, 0/64 HPs)
             Began as a Kobold Brigand on Feb 1, 2024.
             Was an Initiate of Ashenzari.
             Slain by a steam dragon (3 damage)
             ... on level 8 of the Dungeon.
             The game lasted 00:16:34 (10261 turns).

Axelsxxd the Fighter (Kobold Brigand)              Turns: 10261, Time: 00:16:35

Health: 0/64       AC: 12    Str:  8    XL:     10   Next: 28%
Magic:  10/10      EV: 13    Int: 12    God:    Ashenzari [......]
Gold:   436        SH:  7    Dex: 28    Spells: 9/9 levels left

rFire   + + .        e - +3 rapier of Ashenzari's Moon {venom, Fort, Cun} (curse)
rCold   x . .        s - +0 buckler
rNeg    . . .        F - +1 fire dragon scales
rPois   .            (no helmet)
rElec   .            c - +0 cloak
rCorr   .            t - +0 pair of gloves
SInv    +            (no boots)
Will    .....        (no amulet)
Stlth   +++          u - ring of see invisible
HPRegen 0.30/turn    y - +6 ring of dexterity
MPRegen 0.12/turn

%: no passive effects
@: no status effects
A: small, no large weapons, nightstalker 3
a: Renounce Religion, Curse Item, Shatter the Chains


You were on level 8 of the Dungeon.
You worshipped Ashenzari.
Ashenzari was noncommittal.
You visited 1 branch of the dungeon, and saw 9 of its levels.

You collected 526 gold pieces.
You spent 90 gold pieces at shops.

Inventory:

Hand Weapons
 e - the cursed +3 rapier of Ashenzari's Moon (weapon) {venom, Fort, Cun}
   (You took it off Eustachio on level 5 of the Dungeon)

   It has a curse which improves the following skills: Fortitude: Armour and
   Shields.
   Cunning:   Dodging and Stealth.
 i - a +1 dagger of venom
Missiles
 d - 37 poisoned darts (quivered)
 D - 3 curare-tipped darts
 E - 2 throwing nets
Armour
 b - a +0 robe
 c - a +0 cloak (worn)
 s - a +0 buckler (worn)
 t - a +0 pair of gloves (worn)
 F - +1 fire dragon scales (worn)
Jewellery
 u - a ring of see invisible (left hand)
 y - a +6 ring of dexterity (right hand)
Wands
 B - a wand of flame (21)
 I - a wand of polymorph (11)
 J - a wand of digging (9)
Scrolls
 l - a scroll of poison
 n - 3 scrolls of blinking
 o - a scroll of vulnerability
 p - a scroll of fog
 r - 2 scrolls of teleportation
 w - a scroll of fear
 x - a scroll of enchant armour
 A - a scroll of revelation
 G - a scroll of amnesia
 K - a scroll of brand weapon
 M - a scroll of identify
Potions
 a - a potion of resistance {unknown}
 f - 2 potions of haste
 g - a potion of brilliance {unknown}
 h - 2 potions of degeneration
 j - a potion of might
 k - 5 potions of heal wounds
 m - a potion of lignification {unknown}
 q - a potion of mutation {unknown}
 v - a potion of cancellation {unknown}
 z - a potion of enlightenment {unknown}
 C - a potion of curing
 H - 2 potions of magic {unknown}
 L - a potion of attraction {unknown}


   Skills:
 - Level 8.0 Fighting
 + Level 7.7 Short Blades
 - Level 4.0 Throwing
 + Level 2.8(3.1) Armour
 - Level 7.5(8.0) Dodging
 - Level 6.0(6.3) Stealth
 + Level 5.8(6.2) Shields


You had 9 spell levels left.
You didn't know any spells.
Your spell library contained the following spells:

 Spells                   Type           Power      Damage    Failure   Level
 Ensorcelled Hibernation  Hex/Ice        0%         N/A       100%        2
 Dazzling Flash           Conj/Hex       0%         N/A       100%        3
 Mephitic Cloud           Conj/Alch/Air  0%         N/A       100%        3
 Passwall                 Erth           0%         N/A       100%        3
 Swiftness                Air            0%         N/A       100%        3
 Manifold Assault         Tloc           0%         N/A       100%        4
 Olgreb's Toxic Radiance  Alch           0%         N/A       100%        4
 Curse of Agony           Necr           0%         N/A       100%        5
 Silence                  Hex/Air        0%         N/A       100%        5
 Dispersal                Tloc           0%         N/A       100%        6
 Ozocubu's Refrigeration  Ice            0%         4d7       100%        7
 Discord                  Hex            0%         N/A       100%        8
 Disjunction              Tloc           0%         N/A       100%        8


Dungeon Overview and Level Annotations

Branches:
Dungeon (9/15)             Temple (0/1) D:7
   Lair: D:8-11         Orc: D:9-12

Altars:
Ashenzari
Elyvilon
Kikubaaqudgha
Makhleb
Nemelex Xobeh
Okawaru
Ru
Sif Muna
Uskayaw
The Shining One

Shops:
D:2 [

Annotations:
D:9 exclusion: 2 doors


Innate Abilities, Weirdness & Mutations

You are small and have problems with some larger weapons.
You are completely attuned to the shadows.


Message History

The orc hits you but does no damage.
The steam dragon bites you but does no damage.
The steam dragon claws you but does no damage.
You block the orc wizard's attack. You block the orc's attack.
The steam dragon closely misses you. The steam dragon misses you.
You block the orc wizard's attack. You block the orc's attack.
The steam dragon barely misses you.
The steam dragon claws you but does no damage.
The orc wizard casts a spell at you. The puff of flame hits you. You resist.
You block the orc's attack. The steam dragon breathes steam at you.
The ball of steam hits you. You resist.
* * * LOW HITPOINT WARNING * * *
The orc wizard is engulfed in a cloud of scalding steam.
The orc wizard barely misses you. The orc hits you with a +0 dagger.
* * * LOW HITPOINT WARNING * * *
The steam dragon bites you but does no damage.
The steam dragon claws you.
* * * LOW HITPOINT WARNING * * *
The orc wizard is engulfed in a cloud of scalding steam.
You block the orc wizard's attack.
The orc is engulfed in a cloud of scalding steam.
The orc dies!
The steam dragon bites you!
* * * LOW HITPOINT WARNING * * *
The steam dragon completely misses you.
The orc wizard hits you with a +0 dagger.
* * * LOW HITPOINT WARNING * * *
The steam dragon bites you.
* * * LOW HITPOINT WARNING * * *
The steam dragon claws you but does no damage.
The orc wizard hits you but does no damage.
You block the steam dragon's attack. The steam dragon closely misses you.
The orc wizard points at you and mumbles some strange words.
You easily resist.
The steam dragon bites you but does no damage.
The steam dragon barely misses you. You block the orc wizard's attack.
You block the steam dragon's attack. The steam dragon claws you.
You die...

.......#..#
......##..#
.......#..#
.....#....#
.....<##..#####< .#
..)...#.........#.##.
.....#.............
....#..#######.D#
#........#@o#
#.###.....)$# #.#
#...###.# #.# #...#
.# #.# #...# .# #.#
#...# #.# #...# #.#
#...# #.###...##


You could see a steam dragon and an orc wizard.

Vanquished Creatures
  Pikel (D:5)
  Joseph (D:7)
  A wyvern (D:7)
  Eustachio (D:5)
  A steam dragon (D:7)
  Edmund (D:4)
  A water moccasin (D:5)
  4 ice beasts
  A black bear (D:7)
  An ogre (D:6)
  A centaur (D:7)
  A lemure (D:5)
  2 phantoms
  4 kobold brigands
  A scorpion (D:5)
  2 bullfrogs
  4 jellies (D:5)
  A howler monkey (D:5)
  A bombardier beetle (D:6)
  3 hounds
  2 orc priests
  2 sleepcaps (D:5)
  2 iguanas
  6 orc wizards
  4 gnolls (D:5)
  7 adders
  2 shadow imps
  2 ufetubi (D:5)
  4 ribbon worms
  4 dart slugs
  16 orcs
  2 bats
  15 endoplasms
  4 giant cockroaches
  10 goblins
  9 hobgoblins
  7 jackals
  21 kobolds
  A quokka (D:2)
  11 ball pythons
  4 frilled lizards
  8 rats (D:1)
176 creatures vanquished.

Vanquished Creatures (others)
  3 orcs (D:8)
3 creatures vanquished.

Grand Total: 179 creatures vanquished

Notes
Turn   | Place    | Note
-------+----------+-------------------------------------------
     0 | D:1      | Axelsxxd the Kobold Brigand began the quest for the Orb.
     0 | D:1      | Reached XP level 1. HP: 12/12 MP: 1/1
   323 | D:1      | Reached XP level 2. HP: 18/18 MP: 2/2
   645 | D:1      | Reached XP level 3. HP: 22/22 MP: 3/3
  1303 | D:2      | Reached XP level 4. HP: 27/27 MP: 4/4
  1368 | D:2      | Reached skill level 3 in Fighting
  1836 | D:2      | Found Sellargh's Armour Boutique.
  1839 | D:2      | Bought a +0 buckler for 45 gold pieces
  1839 | D:2      | Bought a +0 pair of gloves for 45 gold pieces
  2419 | D:3      | Found a faded altar of an unknown god.
  2453 | D:3      | Reached XP level 5. HP: 32/32 MP: 5/5
  2936 | D:4      | Noticed Edmund
  2960 | D:4      | Killed Edmund
  2961 | D:4      | Reached skill level 1 in Shields
  2961 | D:4      | Reached XP level 6. HP: 25/38 MP: 6/6
  3063 | D:4      | Reached skill level 5 in Short Blades
  3319 | D:4      | Reached skill level 4 in Fighting
  3319 | D:4      | Reached XP level 7. HP: 15/43 MP: 7/7
  4113 | D:5      | Entered Level 5 of the Dungeon
  4142 | D:5      | Found a white marble altar of Elyvilon.
  4270 | D:5      | Noticed a water moccasin
  4288 | D:5      | Killed a water moccasin
  4692 | D:5      | Reached skill level 5 in Fighting
  5007 | D:5      | Reached XP level 8. HP: 49/49 MP: 8/8
  5010 | D:5      | Found a sparkling altar of Nemelex Xobeh.
  5010 | D:5      | Found an ancient bone altar of Kikubaaqudgha.
  5010 | D:5      | Found a shimmering blue altar of Sif Muna.
  5010 | D:5      | Found a hide-covered altar of Uskayaw.
  5010 | D:5      | Found a broken altar of Ashenzari.
  5010 | D:5      | Noticed a slime creature
  5012 | D:5      | Found a glowing golden altar of the Shining One.
  5013 | D:5      | Noticed a slime creature
  5496 | D:5      | Noticed Pikel
  5801 | D:5      | Noticed Eustachio
  5805 | D:5      | Killed Eustachio
  6242 | D:5      | Killed Pikel
  6243 | D:5      | Reached skill level 6 in Fighting
  6243 | D:5      | Reached skill level 5 in Dodging
  6243 | D:5      | Reached XP level 9. HP: 47/56 MP: 9/9
  6572 | D:5      | Became a worshipper of Ashenzari the Shackled
  6991 | D:6      | Reached skill level 7 in Fighting
  7209 | D:6      | Found a hide-covered altar of Uskayaw.
  7213 | D:6      | Noticed a +0 hand axe
  7215 | D:6      | Noticed a +0 dagger
  7242 | D:6      | Found an iron altar of Okawaru.
  7671 | D:6      | Reached skill level 5 in Shields
  7886 | D:6      | Found an ancient bone altar of Kikubaaqudgha.
  7906 | D:6      | Found a burning altar of Makhleb.
  8116 | D:7      | Noticed Joseph
  8120 | D:7      | Killed Joseph
  8121 | D:7      | Reached skill level 1 in Armour
  8184 | D:7      | Found a staircase to the Ecumenical Temple.
  8394 | D:7      | Reached XP level 10. HP: 35/64 MP: 10/10
  8694 | D:7      | Found a sacrificial altar of Ru.
  8905 | D:7      | Reached skill level 8 in Fighting
  9170 | D:7      | You fall into a shaft and drop 2 floors!
 10258 | D:8      | HP: 2/64 [steam dragon (4)]
 10261 | D:8      | Slain by a steam dragon

Illustrated notes

Levels and vault maps discovered:
D:1:      dpeg_arrival_ratfight, layout_loops_corners
D:2:      layout_basic, serial_shops, nicolae_shop_behind_doors
D:3:      cheibrodos_helix_gallery, layout_loops_ring, basic_ecumenical_altar
D:4:      layout_gridville, minmay_splitting_lines, kennysheep_another_room,
          mrwooster_statue_mirror, kennysheep_decorative_pillar, uniq_edmund
D:5:      cheibrodos_fertilizer, layout_gridville, elyvilon_altar_3,
          uniq_eustachio, uniq_pikel
D:6:      layout_basic, makhleb_blood_cavern_becter, dancing_weapons_uskayaw,
          nicolae_overflow_hidden_temple, okawaru_trees_2
D:7:      layout_basic, hangedman_ru_absence, minmay_temple_entry_trees,
          uniq_joseph
D:8:      layout_basic
D:9:      layout_grid_maze

Skill      XL: |  1  2  3  4  5  6  7  8  9 10 |
---------------+-------------------------------+-----
Short Blades   | 3 4 5 6 7 |  7.7
Dodging        | 2 3 5 7 |  7.5
Fighting       | 3 4 5 6 7 8 |  8.0
Stealth        | 6 |  6.0
Throwing       | 3 4 |  4.0
Shields        | 1 3 4 5 |  5.8
Armour         | 1 2 |  2.8

Action                     |  1- 3 |  4- 6 |  7- 9 | 10-12 || total
---------------------------+-------+-------+-------+-------++-------
  Melee: Dagger            |    86 |   142 |   127 |       ||   355
         Rapier            |       |       |    91 |    69 ||   160
  Throw: Dart              |       |     5 |    25 |     2 ||    32
         Throwing net      |       |       |     2 |       ||     2
 Invoke: Curse Item        |       |       |     1 |       ||     1
    Use: Potion            |       |       |     2 |       ||     2
         Scroll            |       |       |    13 |     1 ||    14
   Stab: Sleeping          |    20 |    15 |    26 |     1 ||    62
         Distracted        |       |     1 |       |     1 ||     2
 Armour: Robe              |    27 |    40 |    51 |       ||   118
         Fire dragon scale |       |       |    34 |    90 ||   124
  Dodge: Dodged            |    43 |    62 |   104 |    92 ||   301
  Block: Buckler           |       |    16 |    63 |    37 ||   116
